DBL
BALTIMORE ORIOLES @ LOS ANGELES DODGERS
05/23/1997
 
TOP OF THE 1ST
Baltimore Orioles batting - Pitching for Los Angeles Dodgers : RHP Ugueth Urbina
Pitching: RHP Ugueth Urbina
Batting: LHB Johnny Damon 0-0: Ball
1-0: Called Strike
1-1: Swinging Strike
1-2: Ball
2-2: Foul Ball, location: 2F
2-2: Strikes out swinging
Batting: LHB Bill Spiers 0-0: Ball
1-0: SINGLE (Groundball, 56D, EV 98.1 MPH)
Batting: LHB Kenny Lofton 0-0: Called Strike
0-1: Foul Ball, location: 2F
0-2: Foul Ball, location: 2F
0-2: Ball
1-2: Fly out, F8 (Line Drive, 8RD, EV 96.3 MPH)
Batting: LHB Matt Franco 0-0: Swinging Strike
0-1: Called Strike
0-2: Strikes out swinging
Top of the 1st over - 0 runs, 1 hit, 0 errors, 1 left on base; Baltimore 0 - Los Angeles 0
BOTTOM OF THE 1ST
Los Angeles Dodgers batting - Pitching for Baltimore Orioles : RHP Ben McDonald
Pitching: RHP Ben McDonald
Batting: RHB Brian L Hunter 0-0: Ground out 1-3 (Groundball, 25, EV 65.0 MPH)
Batting: LHB Ryan Klesko 0-0: Ball
1-0: Ball
2-0: Called Strike
2-1: Ball
3-1: Base on Balls
Batting: LHB Rafael Palmeiro 0-0: Ball
1-0: Swinging Strike
1-1: Foul Ball, location: 2F
1-2: DOUBLE (Line Drive, 78XD, EV 107.5 MPH)
Ryan Klesko to third
Runner from 3rd tries for Home, SAFE, throw by CF to home
Batting: LHB Derrick May 0-0: Ball
1-0: Ball
2-0: Called Strike
2-1: Ball
3-1: Fly out, F8 (Flyball, 8LD, EV 95.6 MPH)
Batting: RHB Torii Hunter 0-0: Called Strike
0-1: Ball
1-1: Ball
2-1: Fly out, F3 (Line Drive, 3, EV 66.3 MPH)
Bottom of the 1st over - 1 run, 1 hit, 0 errors, 1 left on base; Baltimore 0 - Los Angeles 1
TOP OF THE 2ND
Baltimore Orioles batting - Pitching for Los Angeles Dodgers : RHP Ugueth Urbina
Batting: RHB Kelly Gruber 0-0: Called Strike
0-1: Swinging Strike
0-2: Fly out, F3 (Popup, 34, EV 58.1 MPH)
Batting: RHB Lyle Mouton 0-0: Foul Ball, location: 2F
0-1: Ball
1-1: Called Strike
1-2: Ball
2-2: Ball
3-2: Fly out, F8 (Line Drive, 8RM, EV 103.1 MPH)
Batting: LHB Matt Nokes 0-0: Called Strike
0-1: Swinging Strike
0-2: Strikes out swinging
Top of the 2nd over - 0 runs, 0 hits, 0 errors, 0 left on base; Baltimore 0 - Los Angeles 1
BOTTOM OF THE 2ND
Los Angeles Dodgers batting - Pitching for Baltimore Orioles : RHP Ben McDonald
Batting: RHB Joe Randa 0-0: Called Strike
0-1: Fly out, F9 (Flyball, 9LS, EV 85.0 MPH)
Batting: SHB Jerry Browne 0-0: Ball
1-0: Ball
2-0: Ball
3-0: Base on Balls
Batting: RHB Homer Bush 0-0: Called Strike
0-1: Foul Ball, location: 2F
0-2: Ball
1-2: Strikes out swinging
Batting: SHB Jason Varitek 0-0: Called Strike
0-1: Ball
1-1: Ball
2-1: Ball
3-1: Foul Ball, location: 2F
3-2: Fly out, F7 (Flyball, 7LSF, EV 92.5 MPH)
Bottom of the 2nd over - 0 runs, 0 hits, 0 errors, 1 left on base; Baltimore 0 - Los Angeles 1
TOP OF THE 3RD
Baltimore Orioles batting - Pitching for Los Angeles Dodgers : RHP Ugueth Urbina
Batting: RHB Alvaro Espinoza 0-0: Ball
1-0: Called Strike
1-1: SINGLE (Groundball, 5D, EV 99.4 MPH)
Batting: RHB Jim Leyritz 0-0: Ball
1-0: Ball
2-0: Ball
3-0: Called Strike
3-1: SINGLE (Groundball, 6D, EV 100.0 MPH)
Alvaro Espinoza to second
Batting: LHB Johnny Damon 0-0: Ball
1-0: Sac Bunt to 23 - play at first, batter OUT! 3-4
Alvaro Espinoza to third
Jim Leyritz to second
Batting: LHB Bill Spiers 0-0: Foul Ball, location: 2F
0-1: Called Strike
0-2: Ball
1-2: Ball
2-2: 3-RUN HOME RUN (Flyball, 9LD, EV 108.8 MPH), Distance : 348 ft
Batting: LHB Kenny Lofton 0-0: Ball
1-0: Ball
2-0: Ball
3-0: Called Strike
3-1: Foul Ball, location: 2F
3-2: Strikes out swinging
Batting: LHB Matt Franco 0-0: Ball
1-0: Ball
2-0: Ball
3-0: Base on Balls
Batting: RHB Kelly Gruber 0-0: Ball
1-0: Ball
2-0: Swinging Strike
2-1: Called Strike
2-2: Ground out 4-3 (Groundball, 4, EV 105.0 MPH)
Top of the 3rd over - 3 runs, 3 hits, 0 errors, 1 left on base; Baltimore 3 - Los Angeles 1
BOTTOM OF THE 3RD
Los Angeles Dodgers batting - Pitching for Baltimore Orioles : RHP Ben McDonald
Batting: RHB Brian L Hunter 0-0: Ball
1-0: Fly out, F8 (Flyball, 8LM, EV 93.8 MPH)
Batting: LHB Ryan Klesko 0-0: Ball
1-0: Ball
2-0: Foul Ball, location: 2F
2-1: Called Strike
2-2: Ball
3-2: Base on Balls
Batting: LHB Rafael Palmeiro 0-0: Ball
1-0: Called Strike
1-1: Ball
2-1: Ball
3-1: Foul Ball, location: 2F
3-2: Foul Ball, location: 2F
3-2: Strikes out swinging
Ryan Klesko is caught stealing 2nd base 2-6
Batter strikes out.
Bottom of the 3rd over - 0 runs, 0 hits, 0 errors, 0 left on base; Baltimore 3 - Los Angeles 1
TOP OF THE 4TH
Baltimore Orioles batting - Pitching for Los Angeles Dodgers : RHP Ugueth Urbina
Batting: RHB Lyle Mouton 0-0: Called Strike
0-1: Called Strike
0-2: Strikes out swinging
Batting: LHB Matt Nokes 0-0: Ball
1-0: Foul Ball, location: 2F
1-1: Foul Ball, location: 2F
1-2: Strikes out swinging
Batting: RHB Alvaro Espinoza 0-0: Ball
1-0: Ball
2-0: Swinging Strike
2-1: Swinging Strike
2-2: Foul Ball, location: 2F
2-2: Foul Ball, location: 2F
2-2: Ball
3-2: Foul Ball, location: 2F
3-2: Ground out 4-3 (Groundball, 4, EV 105.6 MPH)
Top of the 4th over - 0 runs, 0 hits, 0 errors, 0 left on base; Baltimore 3 - Los Angeles 1
BOTTOM OF THE 4TH
Los Angeles Dodgers batting - Pitching for Baltimore Orioles : RHP Ben McDonald
Batting: LHB Derrick May 0-0: Ball
1-0: Foul Ball, location: 2F
1-1: Called Strike
1-2: SOLO HOME RUN (Flyball, 89XD, EV 109.4 MPH), Distance : 404 ft
Batting: RHB Torii Hunter 0-0: Called Strike
0-1: Ball
1-1: SINGLE (Flyball, 89M, EV 90.0 MPH)
Batting: RHB Joe Randa 0-0: Foul Ball, location: 2F
0-1: Ball
1-1: Foul Ball, location: 2F
1-2: Foul Ball, location: 2F
1-2: Ball
2-2: DOUBLE (Flyball, 89D, EV 90.0 MPH)
Torii Hunter to third
Batting: SHB Jerry Browne 0-0: Ball
Wild Pitch!
Torii Hunter scores
Joe Randa to third
1-0: Ball
2-0: Called Strike
2-1: Foul Ball, location: 2F
2-2: Foul Ball, location: 2F
2-2: Fly out, F7 (Line Drive, 7, EV 98.1 MPH)
Runner from 3rd tags up, SCORES, no throw by LF
Batting: RHB Homer Bush 0-0: Foul Ball, location: 2F
0-1: Ball
1-1: Foul Ball, location: 2F
1-2: Ball
2-2: Fly out, F5 (Popup, 5F, EV 80.0 MPH)
Batting: SHB Jason Varitek 0-0: Ground out U3 (Groundball, 34S, EV 81.3 MPH)
Bottom of the 4th over - 3 runs, 3 hits, 0 errors, 0 left on base; Baltimore 3 - Los Angeles 4
TOP OF THE 5TH
Baltimore Orioles batting - Pitching for Los Angeles Dodgers : RHP Ugueth Urbina
Batting: RHB Jim Leyritz 0-0: Called Strike
0-1: SOLO HOME RUN (Flyball, 7D, EV 88.8 MPH), Distance : 376 ft
Batting: LHB Johnny Damon 0-0: Foul Ball, location: 2F
0-1: Foul Ball, location: 2F
0-2: Foul Ball, location: 2F
0-2: SOLO HOME RUN (Flyball, 9LD, EV 96.9 MPH), Distance : 335 ft
Pitching: LHP Bill Pulsipher
Batting: LHB Bill Spiers 0-0: Foul Ball, location: 2F
0-1: Swinging Strike
0-2: Ground out 5-3 (Groundball, 5, EV 97.5 MPH)
Batting: LHB Kenny Lofton 0-0: Ball
1-0: Foul Ball, location: 2F
1-1: Ball
2-1: Bunt missed!
2-2: Foul Ball, location: 2F
2-2: Ground out U3 (Groundball, 34, EV 98.8 MPH)
Batting: LHB Matt Franco 0-0: SINGLE (Groundball, 6MD, EV 96.9 MPH)
Batting: RHB Kelly Gruber 0-0: Ball
1-0: Ball
Wild Pitch!
Matt Franco to second
2-0: Called Strike
2-1: Fly out, F6 (Popup, 6MD, EV 57.5 MPH)
Top of the 5th over - 2 runs, 3 hits, 0 errors, 1 left on base; Baltimore 5 - Los Angeles 4
BOTTOM OF THE 5TH
Los Angeles Dodgers batting - Pitching for Baltimore Orioles : RHP Ben McDonald
Batting: RHB Brian L Hunter 0-0: Called Strike
0-1: Swinging Strike
0-2: Strikes out swinging
Batting: LHB Ryan Klesko 0-0: Called Strike
0-1: SINGLE (Groundball, 34D, EV 104.4 MPH)
Batting: LHB Rafael Palmeiro 0-0: Ball
1-0: Ball
2-0: Ball
3-0: Base on Balls
Ryan Klesko to second
Batting: LHB Derrick May 0-0: Called Strike
0-1: Ball
1-1: Ball
2-1: Foul Ball, location: 2F
2-2: Ball
3-2: Fielders Choice at 2nd, 3-6 (Groundball, 34, EV 86.9 MPH)
Ryan Klesko to third
Batting: RHB Torii Hunter 0-0: Called Strike
0-1: Ball
1-1: Fly out, F9 (Flyball, 89M, EV 88.1 MPH)
Bottom of the 5th over - 0 runs, 1 hit, 0 errors, 2 left on base; Baltimore 5 - Los Angeles 4
TOP OF THE 6TH
Baltimore Orioles batting - Pitching for Los Angeles Dodgers : LHP Bill Pulsipher
Batting: RHB Lyle Mouton 0-0: Called Strike
0-1: Swinging Strike
0-2: Ball
1-2: Ball
2-2: Strikes out swinging
Batting: LHB Matt Nokes 0-0: Ball
1-0: Called Strike
1-1: Foul Ball, location: 2F
1-2: Ball
2-2: Ball
3-2: Base on Balls
Batting: RHB Alvaro Espinoza 0-0: Swinging Strike
Matt Nokes is caught stealing 2nd base 2-4
0-1: Ground out 6-3 (Groundball, 6M, EV 78.1 MPH)
Top of the 6th over - 0 runs, 0 hits, 0 errors, 0 left on base; Baltimore 5 - Los Angeles 4
BOTTOM OF THE 6TH
Los Angeles Dodgers batting - Pitching for Baltimore Orioles : RHP Ben McDonald
Batting: RHB Joe Randa 0-0: Ball
1-0: Fly out, F7 (Line Drive, 7, EV 94.4 MPH)
Batting: SHB Jerry Browne 0-0: Fly out, F9 (Flyball, 9S, EV 71.3 MPH)
Batting: RHB Homer Bush 0-0: Ground out 6-3 (Groundball, 6, EV 101.3 MPH)
Bottom of the 6th over - 0 runs, 0 hits, 0 errors, 0 left on base; Baltimore 5 - Los Angeles 4
TOP OF THE 7TH
Baltimore Orioles batting - Pitching for Los Angeles Dodgers : LHP Bill Pulsipher
Batting: RHB Jim Leyritz 0-0: Called Strike
0-1: Foul Ball, location: 2F
0-2: Fly out, F7 (Flyball, 7, EV 95.0 MPH)
Batting: LHB Johnny Damon 0-0: Swinging Strike
0-1: Ball
1-1: Foul Ball, location: 2F
1-2: Foul Ball, location: 2F
1-2: Ball
2-2: Ball
3-2: DOUBLE (Line Drive, 5D, EV 108.8 MPH)
Batting: LHB Bill Spiers 0-0: Called Strike
0-1: Ball
1-1: Ball
2-1: Swinging Strike
2-2: Ground out 5-3 (Groundball, 56, EV 103.1 MPH)
Batting: LHB Kenny Lofton 0-0: Ball
1-0: Foul Ball, location: 2F
1-1: Called Strike
1-2: Ball
2-2: Ball
3-2: Foul Ball, location: 2F
3-2: SINGLE (Line Drive, 9LM, EV 105.6 MPH)
Johnny Damon to third
Johnny Damon scores
Batting: LHB Matt Franco 0-0: Swinging Strike
0-1: SINGLE (Groundball, 4MD, EV 95.6 MPH)
Kenny Lofton to second
Runner from 2nd tries for 3rd, SAFE, throw by CF made to third
Batting: RHB Kelly Gruber 0-0: Called Strike
0-1: Foul Ball, location: 2F
0-2: Ball
1-2: Ball
2-2: Reached on error, E4 (Groundball, 4, EV 82.5 MPH)
Kenny Lofton scores
Matt Franco to second
Batting: RHB Lyle Mouton 0-0: Swinging Strike
0-1: Fly out, F5 (Line Drive, 5, EV 67.5 MPH)
Top of the 7th over - 2 runs, 3 hits, 1 error, 2 left on base; Baltimore 7 - Los Angeles 4
BOTTOM OF THE 7TH
Los Angeles Dodgers batting - Pitching for Baltimore Orioles : RHP Ben McDonald
Batting: SHB Jason Varitek 0-0: Called Strike
0-1: Fly out, F7 (Line Drive, 7, EV 86.3 MPH)
Batting: RHB Brian L Hunter 0-0: Ball
1-0: Ball
2-0: Fly out, F9 (Line Drive, 9, EV 91.3 MPH)
Batting: LHB Ryan Klesko 0-0: Ball
1-0: Swinging Strike
1-1: Foul Ball, location: 2F
1-2: Ball
2-2: Ball
3-2: Foul Ball, location: 2F
3-2: Strikes out swinging
Bottom of the 7th over - 0 runs, 0 hits, 0 errors, 0 left on base; Baltimore 7 - Los Angeles 4
TOP OF THE 8TH
Baltimore Orioles batting - Pitching for Los Angeles Dodgers : LHP Bill Pulsipher
Batting: LHB Matt Nokes 0-0: Ball
1-0: Fly out, F6 (Popup, 6MD, EV 42.5 MPH)
Batting: RHB Alvaro Espinoza 0-0: Ball
1-0: Foul Ball, location: 2F
1-1: Ball
2-1: Ground out 1-3 (Groundball, 15S, EV 70.0 MPH)
Batting: RHB Jim Leyritz 0-0: Swinging Strike
0-1: Ball
1-1: Swinging Strike
1-2: Ball
2-2: Strikes out swinging
Top of the 8th over - 0 runs, 0 hits, 0 errors, 0 left on base; Baltimore 7 - Los Angeles 4
BOTTOM OF THE 8TH
Los Angeles Dodgers batting - Pitching for Baltimore Orioles : RHP Ben McDonald
Batting: LHB Rafael Palmeiro 0-0: Ball
1-0: Foul Ball, location: 2F
1-1: Foul Ball, location: 2F
1-2: Ball
2-2: Ball
3-2: Base on Balls
Pitching: RHP Roger McDowell
Batting: LHB Derrick May 0-0: Foul Ball, location: 2F
0-1: Fly out, F8 (Flyball, 8LD, EV 100.0 MPH)
Batting: RHB Torii Hunter 0-0: Called Strike
0-1: Ball
1-1: Fielders Choice at 2nd, 5-4 (Groundball, 5, EV 92.5 MPH)
Batting: RHB Joe Randa 0-0: Ground out 5-3 (Groundball, 5S, EV 78.8 MPH)
Bottom of the 8th over - 0 runs, 0 hits, 0 errors, 1 left on base; Baltimore 7 - Los Angeles 4
TOP OF THE 9TH
Baltimore Orioles batting - Pitching for Los Angeles Dodgers : LHP Bill Pulsipher
Batting: LHB Johnny Damon 0-0: Ball
1-0: Foul Ball, location: 2F
1-1: Ball
2-1: Foul Ball, location: 2F
2-2: Strikes out looking
Batting: LHB Bill Spiers 0-0: Ball
1-0: Swinging Strike
1-1: Ground out 6-3 (Groundball, 6, EV 90.0 MPH)
Batting: LHB Kenny Lofton 0-0: Called Strike
0-1: Ball
1-1: Ball
2-1: Foul Ball, location: 2F
2-2: Foul Ball, location: 2F
2-2: Ball
3-2: Foul Ball, location: 2F
3-2: SINGLE (Line Drive, 4MD, EV 103.8 MPH)
Pitching: LHP Bill Wilkinson
Batting: LHB Matt Franco 0-0: Ball
1-0: Fly out, F6 (Popup, 4MD, EV 57.5 MPH)
Top of the 9th over - 0 runs, 1 hit, 0 errors, 1 left on base; Baltimore 7 - Los Angeles 4
BOTTOM OF THE 9TH
Los Angeles Dodgers batting - Pitching for Baltimore Orioles : RHP Roger McDowell
Batting: SHB Jerry Browne 0-0: Swinging Strike
0-1: Ball
1-1: Called Strike
1-2: Ball
2-2: Strikes out swinging
Batting: RHB Homer Bush 0-0: Ground out 5-3 (Groundball, 56S, EV 70.6 MPH)
Batting: SHB Jason Varitek 0-0: Ball
1-0: Called Strike
1-1: Ball
2-1: Swinging Strike
2-2: Strikes out looking
Bottom of the 9th over - 0 runs, 0 hits, 0 errors, 0 left on base; Baltimore 7 - Los Angeles 4
Friday, February 13th, 2026 - OOTP Baseball 20.8 Build 74